 Dungeon Crawl Stone Soup version 0.31-a0-188-g5e087ee2ca (webtiles) character file.

Game seed: 6529266873112353361

74 qw the Shooter (level 4, -3/25 HPs)
             Began as a Deep Elf Hunter on June 23, 2023.
             Slain by a goblin
             ... wielding a +0 club
             ... led by Robin
              (4 damage)
             ... on level 3 of the Dungeon.
             The game lasted 00:00:40 (1654 turns).

qw the Shooter (Deep Elf Hunter)                    Turns: 1654, Time: 00:00:41

Health: -3/25      AC:  6    Str: 10    XL:     4   Next: 9%
Magic:  6/6        EV: 11    Int: 14    God:
Gold:   26         SH:  0    Dex: 18    Spells: 3/3 levels left

rFire   . . .        k - +0 shortbow (heavy)
rCold   . . .        (shield currently unavailable)
rNeg    . . .        h - +0 ring mail
rPois   +            (no helmet)
rElec   .            (no cloak)
rCorr   .            (no gloves)
SInv    .            b - +0 pair of boots
Will    .....        (no amulet)
Stlth   +            e - ring of poison resistance
HPRegen 0.24/turn    (no ring)
MPRegen 0.10/turn

%: no passive effects
@: no status effects
A: no striking features
a: no special abilities


You were on level 3 of the Dungeon.
You visited 1 branch of the dungeon, and saw 3 of its levels.

You collected 104 gold pieces.
You spent 78 gold pieces at shops.


   Skills:
 - Level 1.5 Fighting
 + Level 7.5 Ranged Weapons
 - Level 2.4 Dodging
 - Level 1.2 Stealth


You had 3 spell levels left.
You didn't know any spells.
Your spell library was empty.

Inventory:

Hand Weapons
 k - a +0 heavy shortbow (weapon)
Armour
 b - a +0 pair of boots (worn)
 h - a +0 ring mail (worn)
Jewellery
 a - a +6 ring of dexterity
 e - a ring of poison resistance (left hand)
Scrolls
 g - a scroll of teleportation {unknown}
 l - a scroll of summoning {unknown}
Potions
 c - a potion of haste {unknown}
 d - a potion of attraction {unknown}
 f - 4 potions of curing
 i - a potion of brilliance {unknown}
 j - a potion of enlightenment {unknown}

Dungeon Overview and Level Annotations

Branches:
Dungeon (3/15)

Altars:
Cheibriados

Shops:
D:3 !


Message History

The goblins go into a battle-frenzy!
The goblin misses you.
You shoot an arrow. The arrow barely misses the goblin.
The arrow closely misses the goblin.
You shoot an arrow. The arrow hits the goblin!
You kill the goblin!
The goblin hits you with a +0 club.
You shoot an arrow. The arrow barely misses the goblin.
The arrow hits the goblin.
The goblin is severely wounded.
A hobgoblin comes into view.
The goblin hits you with a +0 club. x2
You shoot an arrow. The arrow hits the goblin!
You kill the goblin!
Robin throws the goblin at you! The goblin hits you but does no damage.
The goblin hits you with a +0 club.
You shoot an arrow. The arrow barely misses the goblin.
The goblin barely misses you. The goblin closely misses you.
Robin hits you but does no damage. The goblin hits you but does no damage.
The goblin hits you with a +0 club.
You shoot an arrow. The arrow hits the goblin!!
You kill the goblin!
Robin throws the goblin at you! The goblin hits you but does no damage.
Robin hits you but does no damage. The goblin hits you but does no damage.
You shoot an arrow. The arrow hits Robin!
Robin is almost dead.
Robin laughs in a distinctly smug fashion.
The goblin closely misses you. Robin hits you but does no damage.
The hobgoblin barely misses you. The goblin barely misses you.
You shoot an arrow.
The arrow hits Robin but does no damage.
Robin is almost dead.
Robin throws the goblin at you!
The hobgoblin hits you but does no damage.
The goblin closely misses you.
You shoot an arrow. The arrow hits Robin!
You kill Robin!
The hobgoblin hits you. The goblin barely misses you. The hobgoblin hits you.
The goblin hits you with a +0 club.
You die...

.....###########....#############
...............'....'............
.....%##########....######.##.~~~
......# ####.# #...~~~~ #####.#
#.# #..#~~\. #.# #.# #...~~~~ #.#
####.# ####....~~~ #.#
#g...###.......... #)#
#@####...###.....# #..
#..)g......'..(..... ###
#...#......####.#.##
#####.##..........#
.%...:.........## ##.....><.....#
#............# #............#
#######..###....#


You could see a hobgoblin (strong) and a goblin (strong).

Vanquished Creatures
  Robin (D:3)
  An adder (D:3)
  A worm (D:2)
  A dart slug (D:1)
  5 orcs (D:3)
  2 endoplasms (D:2)
  5 giant cockroaches
  7 goblins
  2 hobgoblins
  4 jackals (D:1)
  2 quokkas (D:3)
  4 ball pythons
  5 bats
  4 frilled lizards
  2 kobolds (D:1)
  6 rats
52 creatures vanquished.

Notes
Turn   | Place    | Note
-------+----------+-------------------------------------------
     0 | D:1      | qw the Deep Elf Hunter began the quest for the Orb.
     0 | D:1      | Reached XP level 1. HP: 12/12 MP: 3/3
     0 | D:1      | 0 ||| qw: Version: 0.3-a-9-g12657ce
     0 | D:1      | 0 ||| qw: Game counter: 3463
     0 | D:1      | 0 ||| qw: Always use a shield: true
     0 | D:1      | 0 ||| qw: God list: Okawaru
     0 | D:1      | 0 ||| qw: Allow faded altars: false
     0 | D:1      | 0 ||| qw: Do Orc after D:15 true
     0 | D:1      | 0 ||| qw: Do second Lair branch before Depths: true
     0 | D:1      | 0 ||| qw: Lair rune preference: random
     0 | D:1      | 0 ||| qw: Plans: Normal
     0 | D:1      | 0 ||| PLANNING D:1-11
    84 | D:1      | Reached XP level 2. HP: 16/16 MP: 4/4
   151 | D:1      | Reached skill level 6 in Ranged Weapons
   640 | D:1      | 640 ||| UPGRADING to +0 ring mail.
   650 | D:1      | 650 ||| DROPPING +0 leather armour.
   651 | D:1      | 651 ||| UPGRADING to ring of poison resistance.
   652 | D:1      | 652 ||| READING 2 scrolls labelled DIQEUL NIVOK.
   653 | D:1      | 653 ||| READING scroll labelled ZIOL JUOCIXAY.
   654 | D:1      | 654 ||| READING scroll labelled SIUJADIUVEPP.
   655 | D:1      | 655 ||| READING scroll labelled KYOLAOCIRA.
   656 | D:1      | 656 ||| DROPPING scroll of revelation.
   657 | D:1      | 657 ||| DROPPING scroll of butterflies.
   708 | D:2      | Found a faded altar of an unknown god.
   799 | D:2      | Reached XP level 3. HP: 20/20 MP: 5/5
  1099 | D:2      | 1099 ||| UPGRADING to +0 pair of boots.
  1104 | D:2      | 1104 ||| READING 2 scrolls labelled ZAUKHL IFIAPEN.
  1105 | D:2      | 1105 ||| DRINKING 2 sapphire potions.
  1106 | D:2      | 1106 ||| DROPPING scroll of immolation.
  1147 | D:3      | Found Wiet's Distillery.
  1161 | D:3      | 1161 ||| Stepping ~*~*~tactically~*~*~ (outnumbered).
  1167 | D:3      | Reached skill level 7 in Ranged Weapons
  1191 | D:3      | 1191 ||| BUYING potion of curing (39 gold).
  1191 | D:3      | Bought a potion of curing for 39 gold pieces
  1191 | D:3      | 1191 ||| BUYING potion of curing (39 gold).
  1191 | D:3      | Bought a potion of curing for 39 gold pieces
  1191 | D:3      | 1191 ||| SHOPLISTING potion of heal wounds (65 gold, have
                  | 2).
  1191 | D:3      | 1191 ||| SHOPLISTING potion of mutation (104 gold, have 2).
  1327 | D:3      | 1327 ||| FLEEEEING.
  1328 | D:3      | 1328 ||| FLEEEEING.
  1329 | D:3      | 1329 ||| FLEEEEING.
  1330 | D:3      | 1330 ||| FLEEEEING.
  1331 | D:3      | 1331 ||| STAIRDANCE
  1346 | D:3      | 1346 ||| STAIRDANCE
  1419 | D:3      | Identified the +12 dagger "Qauhuhis" {drain, rF- rC+ Dex+4
                  | Stlth+}
  1528 | D:3      | Found a snail-covered altar of Cheibriados.
  1610 | D:3      | Reached XP level 4. HP: 25/25 MP: 6/6
  1645 | D:3      | Noticed Robin
  1654 | D:3      | Killed Robin
  1654 | D:3      | HP: 4/25 [hobgoblin[Robin] (4)]
  1654 | D:3      | HP: 1/25 [hobgoblin[Robin] (3)]
  1654 | D:3      | Slain by a goblin

Levels and vault maps discovered:
D:1:      dpeg_arrival_prison, layout_loops_ring
D:2:      layout_rooms, basic_ecumenical_altar
D:3:      layout_basic, mainiacjoe_overflow_paths,
          gammafunk_temple_overflow_elements, serial_shops,
          nicolae_shop_waterfront, uniq_robin

Skill      XL: |  1  2  3 |
---------------+----------+-----
Ranged Weapons | 6 7 |  7.5
Fighting       | |  1.5
Dodging        | |  2.4
Stealth        | |  1.2

Action                     |  1- 3 |  4- 6 || total
---------------------------+-------+-------++-------
   Fire: Shortbow          |   108 |    15 ||   123
    Use: Scroll            |     5 |       ||     5
         Potion            |     1 |       ||     1
 Armour: Leather armour    |     3 |       ||     3
         Ring mail         |    10 |    11 ||    21
  Dodge: Dodged            |    23 |    10 ||    33

Table legend:
 A = Non-vault XP
 B = Vault XP
 C = Vault XP percentage of total XP
 D = Non-vault monster count
 E = Vault monster count
 F = Vault count percentage of total count
                 A         B        C        D         E       F
            +---------+---------+-------+---------+---------+-------
      Total |      93 |      28 |  23.1 |      44 |       8 |  15.4
            +---------+---------+-------+---------+---------+-------
        D:1 |      32 |       5 |  13.5 |      21 |       3 |  12.5
        D:2 |      20 |       0 |   0.0 |      10 |       0 |   0.0
        D:3 |      41 |      23 |  35.9 |      13 |       5 |  27.8
            +---------+---------+-------+---------+---------+-------
